Workbook

Sheet Pays Marché Intérieur 1
A3: InterProfession | B3: 2017
A4: Pays 1
A5: 1/ Relation presse, publications -Relations presse -Insertions presse grand public -Articles publi rédactionnel -Frais de déplacement -Frais de personnel
A7: 2/ Relations publiques - Séminaires et formations des œnologues et des sommeliers - Opérations de dégustations - Opérations d'informations sur lieur de vente, - Voyages sur le lieu de production (à l'attention des consommateurs et des prescripteurs) : découverte du vignoble, des instalations, de l'élaboration des produits et des cahiers des charges AOP/IGP, mise en evidence des spécificités, informations consommation responsable. -Frais de déplacement -Frais de personnel
A9: 3/ Participation à des manifestations, foires et expositions d'envergure nationale dans les pays du Marché Intérieur - Préciser la (les) manifestation(s), foire(s), exposition(s), -Frais de déplacement -Frais de personnel
A11: 4/ Documents et supports d'informations - Sur les régimes communautaires relatifs aux appelations d'origine, aux indications géographiques et à la consommation responsable, - Réalisations de plaquette, livrets d'information et brochures techniques, - Communication digitale. -Frais de déplacement -Frais de personnel
A13: 5/ Etudes d'évaluation des résultats des actions d'informations - Préciser la (les) étude(s) d'évaluation, -Frais de déplacement -Frais de personnel
A15: SOUS TOTAL | B15: =SUM(B5:B14) -> 0
A16: Frais Généraux (plafonnés à 4% du sous total)
A17: TOTAL GENERAL | B17: =B16+B15 -> 0
A20: Remarque : Les charges de personnel et les frais de déplacement doivent figurer dans les actions auxquelles ils se rattachent.

Sheet Pays PO 1
A1: Budget prévisionnel appel à projets 2026 : Promotion de l'oenotourisme
A3: Nom du demandeur :
A4: Pays :
A5: ACTION 1 : Campagne de communication
A6: Publicité et annonce dans les médias (télévision / radio / affichage / presse) | B6: - Frais de prestation
B7: - Frais d'hébergement *
B8: - Frais de transport **
B9: - Frais de personnel ***
B10: Sous-total | C10: =SUM(C6:C9) -> 0
A11: Internet / réseaux sociaux | B11: - Frais de prestation
B12: - Frais d'hébergement *
B13: - Frais de transport **
B14: - Frais de personnel ***
B15: Sous-total | C15: =SUM(C11:C14) -> 0
A16: Relations presse, relations publiques / communiqués de presse | B16: - Frais de prestation
B17: - Frais d'hébergement *
B18: - Frais de transport **
B19: - Frais de personnel ***
B20: Sous-total | C20: =SUM(C16:C19) -> 0
A21: Réalisation de plaquettes et briochures | B21: - Frais de prestation
B22: - Frais d'hébergement *
B23: - Frais de transport **
B24: - Frais de personnel ***
B25: Sous-total | C25: =SUM(C21:C24) -> 0
A26: TOTAL ACTION 1 | C26: =SUM(C10,C15,C20,C25) -> 0
A27: ACTION 2 : Evènements promotionnels
A28: Participation à des manifestations, évènements de promotion de l'oenotourisme | B28: - Frais de prestation
B29: - Frais d'hébergement *
B30: - Frais de transport **
B31: - Frais de personnel ***
B32: Sous-total | C32: =SUM(C28:C31) -> 0
A33: Organisation de manifestations, animations, conférences de presse et séminaires | B33: - Frais de prestation
B34: - Frais d'hébergement *
B35: - Frais de transport **
B36: - Frais de personnel ***
B37: Sous-total | C37: =SUM(C33:C36) -> 0
A38: Voyage sur les lieux de production | B38: - Frais de prestation
B39: - Frais d'hébergement *
B40: - Frais de transport **
B41: - Frais de personnel ***
B42: Sous-total | C42: =SUM(C38:C41) -> 0
A43: TOTAL ACTION 2 | C43: =SUM(C32,C37,C42) -> 0
A45: Sous total frais de personnel après plafond *** | C45: =SUM(C6,C7,C8,C11,C12,C13,C16,C17,C18,C21,C22,C23,C28,C29,C30,C33,C34,C35,C38,C39,C40)*0.1 -> 0
A46: SOUS TOTAL GENERAL AVANT FRAIS GENERAUX | C46: =IF(SUM(C9,C14,C19,C24,C31,C36,C41) >= C45, C26 + C43 - SUM(C9,C14,C19,C24,C31,C36,C41) + C45, C26 + C43) -> 0
A47: Frais généraux (plafonnés à 4% du sous total des actions) | C47: =C46*0.04 -> 0
A48: TOTAL GENERAL | C48: =SUM(C46:C47) -> 0
A50: * Forfait de 200 € par nuitée et par personne.
A51: ** Seule la classe économique est retenue. En cas de dépense en classe affaires, premium ou en 1ère classe, le montant éligible retenu est celui correspondant au tarif de la classe économique si ce dernier est justifié. A défaut de justification du tarif de la classe économique, le montant de dépense éligible retenu est celui de la dépense facturée du tarif de la classe supérieure divisée par 4.
A52: *** Pour les frais de personnel, la prise en charge s'effectue dans la limite d'un plafond de 10% des dépenses admissibles retenues.

Sheet Pays PO 2
A1: Budget prévisionnel appel à projets 2026 : Promotion de l'oenotourisme
A3: Nom du demandeur :
A4: Pays :
A5: ACTION 1 : Campagne de communication
A6: Publicité et annonce dans les médias (télévision / radio / affichage / presse) | B6: - Frais de prestation
B7: - Frais d'hébergement *
B8: - Frais de transport **
B9: - Frais de personnel ***
B10: Sous-total | C10: =SUM(C6:C9) -> 0
A11: Internet / réseaux sociaux | B11: - Frais de prestation
B12: - Frais d'hébergement *
B13: - Frais de transport **
B14: - Frais de personnel ***
B15: Sous-total | C15: =SUM(C11:C14) -> 0
A16: Relations presse, relations publiques / communiqués de presse | B16: - Frais de prestation
B17: - Frais d'hébergement *
B18: - Frais de transport **
B19: - Frais de personnel ***
B20: Sous-total | C20: =SUM(C16:C19) -> 0
A21: Réalisation de plaquettes et briochures | B21: - Frais de prestation
B22: - Frais d'hébergement *
B23: - Frais de transport **
B24: - Frais de personnel ***
B25: Sous-total | C25: =SUM(C21:C24) -> 0
A26: TOTAL ACTION 1 | C26: =SUM(C10,C15,C20,C25) -> 0
A27: ACTION 2 : Evènements promotionnels
A28: Participation à des manifestations, évènements de promotion de l'oenotourisme | B28: - Frais de prestation
B29: - Frais d'hébergement *
B30: - Frais de transport **
B31: - Frais de personnel ***
B32: Sous-total | C32: =SUM(C28:C31) -> 0
A33: Organisation de manifestations, animations, conférences de presse et séminaires | B33: - Frais de prestation
B34: - Frais d'hébergement *
B35: - Frais de transport **
B36: - Frais de personnel ***
B37: Sous-total | C37: =SUM(C33:C36) -> 0
A38: Voyage sur les lieux de production | B38: - Frais de prestation
B39: - Frais d'hébergement *
B40: - Frais de transport **
B41: - Frais de personnel ***
B42: Sous-total | C42: =SUM(C38:C41) -> 0
A43: TOTAL ACTION 2 | C43: =SUM(C32,C37,C42) -> 0
A45: Sous total frais de personnel après plafond *** | C45: =SUM(C6,C7,C8,C11,C12,C13,C16,C17,C18,C21,C22,C23,C28,C29,C30,C33,C34,C35,C38,C39,C40)*0.1 -> 0
A46: SOUS TOTAL GENERAL AVANT FRAIS GENERAUX | C46: =IF(SUM(C9,C14,C19,C24,C31,C36,C41) >= C45, C26 + C43 -SUM(C9,C14,C19,C24,C31,C36,C41) + C45, C26 + C43) -> 0
A47: Frais généraux (plafonnés à 4% du sous total des actions) | C47: =C46*0.04 -> 0
A48: TOTAL GENERAL | C48: =SUM(C46:C47) -> 0
A50: * Forfait de 200 € par nuitée et par personne.
A51: ** Seule la classe économique est retenue. En cas de dépense en classe affaires, premium ou en 1ère classe, le montant éligible retenu est celui correspondant au tarif de la classe économique si ce dernier est justifié. A défaut de justification du tarif de la classe économique, le montant de dépense éligible retenu est celui de la dépense facturée du tarif de la classe supérieure divisée par 4.
A52: *** Pour les frais de personnel, la prise en charge s'effectue dans la limite d'un plafond de 10% des dépenses admissibles retenues.

Sheet Pays PO 3
A1: Budget prévisionnel appel à projets 2026 : Promotion de l'oenotourisme
A3: Nom du demandeur :
A4: Pays :
A5: ACTION 1 : Campagne de communication
A6: Publicité et annonce dans les médias (télévision / radio / affichage / presse) | B6: - Frais de prestation
B7: - Frais d'hébergement *
B8: - Frais de transport **
B9: - Frais de personnel ***
B10: Sous-total | C10: =SUM(C6:C9) -> 0
A11: Internet / réseaux sociaux | B11: - Frais de prestation
B12: - Frais d'hébergement *
B13: - Frais de transport **
B14: - Frais de personnel ***
B15: Sous-total | C15: =SUM(C11:C14) -> 0
A16: Relations presse, relations publiques / communiqués de presse | B16: - Frais de prestation
B17: - Frais d'hébergement *
B18: - Frais de transport **
B19: - Frais de personnel ***
B20: Sous-total | C20: =SUM(C16:C19) -> 0
A21: Réalisation de plaquettes et briochures | B21: - Frais de prestation
B22: - Frais d'hébergement *
B23: - Frais de transport **
B24: - Frais de personnel ***
B25: Sous-total | C25: =SUM(C21:C24) -> 0
A26: TOTAL ACTION 1 | C26: =SUM(C10,C15,C20,C25) -> 0
A27: ACTION 2 : Evènements promotionnels
A28: Participation à des manifestations, évènements de promotion de l'oenotourisme | B28: - Frais de prestation
B29: - Frais d'hébergement *
B30: - Frais de transport **
B31: - Frais de personnel ***
B32: Sous-total | C32: =SUM(C28:C31) -> 0
A33: Organisation de manifestations, animations, conférences de presse et séminaires | B33: - Frais de prestation
B34: - Frais d'hébergement *
B35: - Frais de transport **
B36: - Frais de personnel ***
B37: Sous-total | C37: =SUM(C33:C36) -> 0
A38: Voyage sur les lieux de production | B38: - Frais de prestation
B39: - Frais d'hébergement *
B40: - Frais de transport **
B41: - Frais de personnel ***
B42: Sous-total | C42: =SUM(C38:C41) -> 0
A43: TOTAL ACTION 2 | C43: =SUM(C32,C37,C42) -> 0
A45: Sous total frais de personnel après plafond *** | C45: =SUM(C6,C7,C8,C11,C12,C13,C16,C17,C18,C21,C22,C23,C28,C29,C30,C33,C34,C35,C38,C39,C40)*0.1 -> 0
A46: SOUS TOTAL GENERAL AVANT FRAIS GENERAUX | C46: =IF(SUM(C9,C14,C19,C24,C31,C36,C41) >= C45, C26 + C43 -SUM(C9,C14,C19,C24,C31,C36,C41) + C45, C26 + C43) -> 0
A47: Frais généraux (plafonnés à 4% du sous total des actions) | C47: =C46*0.04 -> 0
A48: TOTAL GENERAL | C48: =SUM(C46:C47) -> 0
A50: * Forfait de 200 € par nuitée et par personne.
A51: ** Seule la classe économique est retenue. En cas de dépense en classe affaires, premium ou en 1ère classe, le montant éligible retenu est celui correspondant au tarif de la classe économique si ce dernier est justifié. A défaut de justification du tarif de la classe économique, le montant de dépense éligible retenu est celui de la dépense facturée du tarif de la classe supérieure divisée par 4.
A52: *** Pour les frais de personnel, la prise en charge s'effectue dans la limite d'un plafond de 10% des dépenses admissibles retenues.

Sheet Pays PO 4
A1: Budget prévisionnel appel à projets 2026 : Promotion de l'oenotourisme
A3: Nom du demandeur :
A4: Pays :
A5: ACTION 1 : Campagne de communication
A6: Publicité et annonce dans les médias (télévision / radio / affichage / presse) | B6: - Frais de prestation
B7: - Frais d'hébergement *
B8: - Frais de transport **
B9: - Frais de personnel ***
B10: Sous-total | C10: =SUM(C6:C9) -> 0
A11: Internet / réseaux sociaux | B11: - Frais de prestation
B12: - Frais d'hébergement *
B13: - Frais de transport **
B14: - Frais de personnel ***
B15: Sous-total | C15: =SUM(C11:C14) -> 0
A16: Relations presse, relations publiques / communiqués de presse | B16: - Frais de prestation
B17: - Frais d'hébergement *
B18: - Frais de transport **
B19: - Frais de personnel ***
B20: Sous-total | C20: =SUM(C16:C19) -> 0
A21: Réalisation de plaquettes et briochures | B21: - Frais de prestation
B22: - Frais d'hébergement *
B23: - Frais de transport **
B24: - Frais de personnel ***
B25: Sous-total | C25: =SUM(C21:C24) -> 0
A26: TOTAL ACTION 1 | C26: =SUM(C10,C15,C20,C25) -> 0
A27: ACTION 2 : Evènements promotionnels
A28: Participation à des manifestations, évènements de promotion de l'oenotourisme | B28: - Frais de prestation
B29: - Frais d'hébergement *
B30: - Frais de transport **
B31: - Frais de personnel ***
B32: Sous-total | C32: =SUM(C28:C31) -> 0
A33: Organisation de manifestations, animations, conférences de presse et séminaires | B33: - Frais de prestation
B34: - Frais d'hébergement *
B35: - Frais de transport **
B36: - Frais de personnel ***
B37: Sous-total | C37: =SUM(C33:C36) -> 0
A38: Voyage sur les lieux de production | B38: - Frais de prestation
B39: - Frais d'hébergement *
B40: - Frais de transport **
B41: - Frais de personnel ***
B42: Sous-total | C42: =SUM(C38:C41) -> 0
A43: TOTAL ACTION 2 | C43: =SUM(C32,C37,C42) -> 0
A45: Sous total frais de personnel après plafond *** | C45: =SUM(C6,C7,C8,C11,C12,C13,C16,C17,C18,C21,C22,C23,C28,C29,C30,C33,C34,C35,C38,C39,C40)*0.1 -> 0
A46: SOUS TOTAL GENERAL AVANT FRAIS GENERAUX | C46: =IF(SUM(C9,C14,C19,C24,C31,C36,C41) >= C45, C26 + C43 -SUM(C9,C14,C19,C24,C31,C36,C41) + C45, C26 + C43) -> 0
A47: Frais généraux (plafonnés à 4% du sous total des actions) | C47: =C46*0.04 -> 0
A48: TOTAL GENERAL | C48: =SUM(C46:C47) -> 0
A50: * Forfait de 200 € par nuitée et par personne.
A51: ** Seule la classe économique est retenue. En cas de dépense en classe affaires, premium ou en 1ère classe, le montant éligible retenu est celui correspondant au tarif de la classe économique si ce dernier est justifié. A défaut de justification du tarif de la classe économique, le montant de dépense éligible retenu est celui de la dépense facturée du tarif de la classe supérieure divisée par 4.
A52: *** Pour les frais de personnel, la prise en charge s'effectue dans la limite d'un plafond de 10% des dépenses admissibles retenues.

Sheet TOTAL TOUS PAYS
A1: Budget prévisionnel appel à projets 2026 : Promotion de l'oenotourisme
A3: Nom du demandeur :
A4: Pays :
A5: ACTION 1 : Campagne de communication
A6: Publicité et annonce dans les médias (télévision / radio / affichage / presse) | B6: - Frais de prestation | C6: ='Pays PO 1'!C6+'Pays PO 2'!C6+'Pays PO 3'!C6+'Pays PO 4'!C6 -> 0
B7: - Frais d'hébergement * | C7: ='Pays PO 1'!C7+'Pays PO 2'!C7+'Pays PO 3'!C7+'Pays PO 4'!C7 -> 0
B8: - Frais de transport ** | C8: ='Pays PO 1'!C8+'Pays PO 2'!C8+'Pays PO 3'!C8+'Pays PO 4'!C8 -> 0
B9: - Frais de personnel *** | C9: ='Pays PO 1'!C9+'Pays PO 2'!C9+'Pays PO 3'!C9+'Pays PO 4'!C9 -> 0
B10: Sous-total | C10: =SUM(C6:C9) -> 0
A11: Internet / réseaux sociaux | B11: - Frais de prestation | C11: ='Pays PO 1'!C11+'Pays PO 2'!C11+'Pays PO 3'!C11+'Pays PO 4'!C11 -> 0
B12: - Frais d'hébergement * | C12: ='Pays PO 1'!C12+'Pays PO 2'!C12+'Pays PO 3'!C12+'Pays PO 4'!C12 -> 0
B13: - Frais de transport ** | C13: ='Pays PO 1'!C13+'Pays PO 2'!C13+'Pays PO 3'!C13+'Pays PO 4'!C13 -> 0
B14: - Frais de personnel *** | C14: ='Pays PO 1'!C14+'Pays PO 2'!C14+'Pays PO 3'!C14+'Pays PO 4'!C14 -> 0
B15: Sous-total | C15: =SUM(C11:C14) -> 0
A16: Relations presse, relations publiques / communiqués de presse | B16: - Frais de prestation | C16: ='Pays PO 1'!C16+'Pays PO 2'!C16+'Pays PO 3'!C16+'Pays PO 4'!C16 -> 0
B17: - Frais d'hébergement * | C17: ='Pays PO 1'!C17+'Pays PO 2'!C17+'Pays PO 3'!C17+'Pays PO 4'!C17 -> 0
B18: - Frais de transport ** | C18: ='Pays PO 1'!C18+'Pays PO 2'!C18+'Pays PO 3'!C18+'Pays PO 4'!C18 -> 0
B19: - Frais de personnel *** | C19: ='Pays PO 1'!C19+'Pays PO 2'!C19+'Pays PO 3'!C19+'Pays PO 4'!C19 -> 0
B20: Sous-total | C20: =SUM(C16:C19) -> 0
A21: Réalisation de plaquettes et briochures | B21: - Frais de prestation | C21: ='Pays PO 1'!C21+'Pays PO 2'!C21+'Pays PO 3'!C21+'Pays PO 4'!C21 -> 0
B22: - Frais d'hébergement * | C22: ='Pays PO 1'!C22+'Pays PO 2'!C22+'Pays PO 3'!C22+'Pays PO 4'!C22 -> 0
B23: - Frais de transport ** | C23: ='Pays PO 1'!C23+'Pays PO 2'!C23+'Pays PO 3'!C23+'Pays PO 4'!C23 -> 0
B24: - Frais de personnel *** | C24: ='Pays PO 1'!C24+'Pays PO 2'!C24+'Pays PO 3'!C24+'Pays PO 4'!C24 -> 0
B25: Sous-total | C25: =SUM(C21:C24) -> 0
A26: TOTAL ACTION 1 | C26: =SUM(C10,C15,C20,C25) -> 0
A27: ACTION 2 : Evènements promotionnels
A28: Participation à des manifestations, évènements de promotion de l'oenotourisme | B28: - Frais de prestation | C28: ='Pays PO 1'!C28+'Pays PO 2'!C28+'Pays PO 3'!C28+'Pays PO 4'!C28 -> 0
B29: - Frais d'hébergement * | C29: ='Pays PO 1'!C29+'Pays PO 2'!C29+'Pays PO 3'!C29+'Pays PO 4'!C29 -> 0
B30: - Frais de transport ** | C30: ='Pays PO 1'!C30+'Pays PO 2'!C30+'Pays PO 3'!C30+'Pays PO 4'!C30 -> 0
B31: - Frais de personnel *** | C31: ='Pays PO 1'!C31+'Pays PO 2'!C31+'Pays PO 3'!C31+'Pays PO 4'!C31 -> 0
B32: Sous-total | C32: =SUM(C28:C31) -> 0
A33: Organisation de manifestations, animations, conférences de presse et séminaires | B33: - Frais de prestation | C33: ='Pays PO 1'!C33+'Pays PO 2'!C33+'Pays PO 3'!C33+'Pays PO 4'!C33 -> 0
B34: - Frais d'hébergement * | C34: ='Pays PO 1'!C34+'Pays PO 2'!C34+'Pays PO 3'!C34+'Pays PO 4'!C34 -> 0
B35: - Frais de transport ** | C35: ='Pays PO 1'!C35+'Pays PO 2'!C35+'Pays PO 3'!C35+'Pays PO 4'!C35 -> 0
B36: - Frais de personnel *** | C36: ='Pays PO 1'!C36+'Pays PO 2'!C36+'Pays PO 3'!C36+'Pays PO 4'!C36 -> 0
B37: Sous-total | C37: =SUM(C33:C36) -> 0
A38: Voyage sur les lieux de production | B38: - Frais de prestation | C38: ='Pays PO 1'!C38+'Pays PO 2'!C38+'Pays PO 3'!C38+'Pays PO 4'!C38 -> 0
B39: - Frais d'hébergement * | C39: ='Pays PO 1'!C39+'Pays PO 2'!C39+'Pays PO 3'!C39+'Pays PO 4'!C39 -> 0
B40: - Frais de transport ** | C40: ='Pays PO 1'!C40+'Pays PO 2'!C40+'Pays PO 3'!C40+'Pays PO 4'!C40 -> 0
B41: - Frais de personnel *** | C41: ='Pays PO 1'!C41+'Pays PO 2'!C41+'Pays PO 3'!C41+'Pays PO 4'!C41 -> 0
B42: Sous-total | C42: =SUM(C38:C41) -> 0
A43: TOTAL ACTION 2 | C43: =SUM(C32,C37,C42) -> 0
A45: Sous total frais de personnel après plafond *** | C45: ='Pays PO 1'!C45+'Pays PO 2'!C45+'Pays PO 3'!C45+'Pays PO 4'!C45 -> 0
A46: SOUS TOTAL GENERAL AVANT FRAIS GENERAUX | C46: ='Pays PO 1'!C46+'Pays PO 2'!C46+'Pays PO 3'!C46+'Pays PO 4'!C46 -> 0
A47: Frais généraux (plafonnés à 4% du sous total des actions) | C47: =C46*0.04 -> 0
A48: TOTAL GENERAL | C48: =SUM(C46:C47) -> 0
A49: MONTANT DE L'AIDE PREVISIONNELLE | C49: =ROUNDDOWN(C48/2,0) -> 0
A51: Montant de la caution pour avance de 50% de l'aide prévisionnelle | C51: =ROUNDDOWN(C49*1*0.5,0) -> 0
A53: * Forfait de 200 € par nuitée et par personne.
A54: ** Seule la classe économique est retenue. En cas de dépense en classe affaires, premium ou en 1ère classe, le montant éligible retenu est celui correspondant au tarif de la classe économique si ce dernier est justifié. A défaut de justification du tarif de la classe économique, le montant de dépense éligible retenu est celui de la dépense facturée du tarif de la classe supérieure divisée par 4.
A55: *** Pour les frais de personnel, la prise en charge s'effectue dans la limite d'un plafond de 10% des dépenses admissibles retenues.

Sheet Feuil12
